 Dungeon Crawl Stone Soup version 0.17.1-2-g5865329 (webtiles) character file.

485 Arkorax the Slasher (level 6, -3/57 HPs)
             Began as a Deep Elf Chaos Knight on Jan 22, 2016.
             Slain by a wasp zombie (5 damage)
             ... on level 5 of the Dungeon.
             The game lasted 00:07:19 (4978 turns).

Arkorax the Slasher (Deep Elf Chaos Knight)         Turns: 4978, Time: 00:07:19

Health: -3/57      AC: 23    Str: 16    XL:     6   Next: 88%
Magic:  8/8        EV:  2    Int: 15    God:    Xom [.*....]
Gold:   253        SH:  0    Dex: 14    Spells: 0 memorised, 5 levels left

rFire  . . .     SeeInvis +     y - +1 dagger (elec)
rCold  . . .     Clarity  +     (armour currently unavailable)
rNeg   + + +     SustAt   .     (no shield)
rPois  +         Gourm    .     (helmet currently unavailable)
rElec  .         Spirit   .     (cloak currently unavailable)
rCorr  .         Warding  .     (gloves currently unavailable)
rMut   +         NoTele   +     (boots currently unavailable)
MR     .....                    v - amulet of resist mutation
Stlth  +.........               E - ring of Agouguca {Str+5 Int-2 SInv}
                                i - ring of poison resistance

@: tree-form, not resistant to hostile enchantments, very unstealthy
A: (antennae 0), clarity, (fire resistance 0)
a: Renounce Religion


You were on level 5 of the Dungeon.
You worshipped Xom.
You were a plaything of Xom.
You were not hungry.
You were a tree.
You visited 1 branch of the dungeon, and saw 5 of its levels.

You collected 253 gold pieces.

Inventory:

Hand Weapons
 a - a +0 falchion of chaos
 o - a +2 short sword of venom
 y - a +1 dagger of electrocution (weapon)
Missiles
 s - a throwing net (quivered)
Armour
 b - a +2 leather armour (melded)
 f - a +0 cloak (melded)
 A - the +0 pair of gloves of the Prince (melded) {Dex+2 Stlth+}
   (You found it on level 4 of the Dungeon)

   It affects your dexterity (+2).
   It makes you more stealthy.
 B - a +1 hat (melded)
Jewellery
 i - a ring of poison resistance (left branch)
 q - a +4 ring of strength
 v - an amulet of resist mutation (around neck)
 E - the ring of Agouguca (right branch) {Str+5 Int-2 SInv}
   (Xom gifted it to you on level 4 of the Dungeon)

   [ring of see invisible]

   It affects your strength (+5).
   It affects your intelligence (-2).
   It lets you see invisible.
Wands
 x - a wand of slowing (18)
Scrolls
 d - 7 scrolls of identify {unknown}
 e - 2 scrolls of immolation {unknown}
 g - 4 scrolls of remove curse {unknown}
 k - a scroll of enchant weapon {unknown}
 n - a scroll of enchant armour {unknown}
 w - a scroll of fear {unknown}
 D - a scroll of fog {unknown}
 F - a scroll of amnesia {unknown}
 H - a scroll of blinking {unknown}
Potions
 c - a potion of agility {unknown}
 h - a potion of brilliance {unknown}
 j - 2 potions of curing {unknown}
 l - a potion of might {unknown}
 m - a potion of lignification
 r - a potion of resistance {unknown}
 u - a potion of ambrosia {unknown}
 C - a potion of haste {unknown}
 G - a potion of heal wounds {unknown}
Comestibles
 p - a bread ration
 t - a royal jelly
 z - a meat ration
 I - a beef jerky


   Skills:
 * Level 4.2 Fighting
 * Level 5.0 Long Blades
 - Level 0.7 Armour
 + Level 5.0 Dodging


You had 5 spell levels left.
You didn't know any spells.

Dungeon Overview and Level Annotations

Branches:
Dungeon (5/15)             Temple (0/1) D:5

Altars:
Fedhas
Nemelex Xobeh


Innate Abilities, Weirdness & Mutations

((You have a pair of small antennae on your head.))
You possess an exceptional clarity of mind.
((Your flesh is heat resistant.))


Message History

Your iron imp closely misses the wasp zombie.
You hit the wasp zombie. The wasp zombie hits you.
* * * LOW HITPOINT WARNING * * *
The crimson imp blinks!
Your iron imp closely misses the wasp zombie.
The wasp zombie hits you.
* * * LOW HITPOINT WARNING * * *
Wield which item (- for none, * to show all)? (? for menu, Esc to quit)
You hear the crackle of electricity.
y - a +1 dagger of electrocution (weapon)
The wasp zombie barely misses you.
You hit the wasp zombie.
Your iron imp barely misses the wasp zombie.
The wasp zombie hits you but does no damage.
You barely miss the wasp zombie.
The crimson imp summons a swarm of flies.
The crimson imp blinks!
Your iron imp barely misses the wasp zombie.
The wasp zombie hits you.
You die...

...$................#
....................#
...................#
...................#
.......J...J>....§#
......<..........##
#..>..........§...#####
#.............5Z†.....##
##............##♣.......
#.......###...###......
##......# #.⌠.# #....
#......###...#### #..
##/..#..........# #
######.⌠..>..⌠.##
#..........#
####...###.### #.⌠.#
#...###


You could see a jelly, a wasp zombie and a friendly iron imp.

Vanquished Creatures
  An ogre (D:4)
  A crimson imp (D:5)
  A giant frog skeleton (D:4)
  Jessica (D:3)
  3 orc wizards
  7 gnolls
  3 adders
  3 oozes
  2 worms (D:2)
  An adder skeleton (D:4)
  2 giant geckos (D:4)
  18 orcs
  2 ball pythons
  5 bats
  5 giant cockroaches
  10 goblins
  10 hobgoblins
  7 jackals
  11 kobolds
  6 giant newts
  5 quokkas
  A quokka skeleton (D:4)
  6 rats
111 creatures vanquished.

Vanquished Creatures (collateral kills)
  A hobgoblin (D:2)
1 creature vanquished.

Grand Total: 112 creatures vanquished

Notes
Turn   | Place    | Note
--------------------------------------------------------------
     0 | D:1      | Arkorax the Deep Elf Chaos Knight began the quest for the Orb.
     0 | D:1      | Reached XP level 1. HP: 13/13 MP: 3/3
     9 | D:1      | XOM: potion effect (berserk rage)
    74 | D:1      | XOM: butterfly on damage
   204 | D:1      | XOM: silly message
   217 | D:1      | Reached skill level 3 in Long Blades
   217 | D:1      | Reached XP level 2. HP: 16/18 MP: 4/4
   226 | D:1      | XOM: cast spell 'Cause Fear'
   528 | D:1      | Found a sparkling altar of Nemelex Xobeh.
   834 | D:1      | Reached XP level 3. HP: 19/22 MP: 5/5
   865 | D:1      | XOM: mild Fire miscast
   929 | D:1      | XOM: 2-stop teleportation journey
   984 | D:2      | XOM: divination: detect items
   990 | D:2      | XOM: fake destruction
  1070 | D:2      | XOM: harmless Tloc miscast
  1271 | D:2      | XOM: harmless Chrm miscast
  1288 | D:2      | Found a faded altar to an unknown god.
  1302 | D:2      | XOM: harmless Hex miscast
  1470 | D:2      | Reached XP level 4. HP: 28/28 MP: 6/6
  1474 | D:2      | XOM: divination: detect items
  1758 | D:2      | XOM: vitrification
  1847 | D:2      | XOM: vitrification
  2086 | D:2      | XOM: mild Conj miscast
  2511 | D:3      | XOM: god gift: knobbly glass ring {god gift}
  2603 | D:3      | XOM: potion effect (invisibility)
  2623 | D:3      | Reached skill level 4 in Dodging
  2623 | D:3      | Reached XP level 5. HP: 12/32 MP: 7/7
  2729 | D:3      | XOM: colour smoke trail
  3007 | D:3      | Noticed Jessica
  3010 | D:3      | Killed Jessica
  3204 | D:4      | XOM: 2-stop teleportation journey
  3218 | D:4      | XOM: swap monsters
  3506 | D:4      | Found a blossoming altar of Fedhas.
  3593 | D:4      | Got a pair of slimy gloves
  3599 | D:4      | Identified the +0 pair of gloves of the Prince {Dex+2 Stlth+} (You found it on level 4 of the Dungeon)
  3629 | D:4      | XOM: divination: detect creatures
  3645 | D:4      | Noticed an ogre
  3652 | D:4      | Killed an ogre
  3652 | D:4      | Reached XP level 6. HP: 2/38 MP: 8/8
  3763 | D:4      | XOM: harmless Pois miscast
  3948 | D:4      | XOM: cast spell 'Summon Butterflies'
  4038 | D:4      | XOM: give mutations
  4038 | D:4      | Gained mutation: Your flesh is heat resistant. [Xom's grace]
  4038 | D:4      | Gained mutation: You have a pair of small antennae on your head. [Xom's grace]
  4038 | D:4      | Gained mutation: You possess an exceptional clarity of mind. [Xom's grace]
  4096 | D:4      | XOM: divination: magic mapping
  4244 | D:4      | XOM: confuse monster(s)
  4468 | D:4      | XOM: god gift: steaming turquoise ring {god gift}
  4469 | D:4      | Got a steaming turquoise ring {god gift}
  4471 | D:4      | Identified the ring of Agouguca {Str+5 Int-2 SInv} (Xom gifted it to you on level 4 of the Dungeon)
  4747 | D:5      | Entered Level 5 of the Dungeon
  4810 | D:5      | XOM: enchant monster (good)
  4824 | D:5      | XOM: blink monster(s)
  4829 | D:5      | XOM: mild Hex miscast
  4833 | D:5      | XOM: summons friendly iron imp
  4840 | D:5      | Reached skill level 5 in Long Blades
  4840 | D:5      | Reached skill level 5 in Dodging
  4914 | D:5      | XOM: silly message
  4932 | D:5      | Found a staircase to the Ecumenical Temple.
  4975 | D:5      | HP: 2/57 [wasp zombie (4)]
  4978 | D:5      | Slain by a wasp zombie

Action                   |  1- 3 |  4- 6 || total
-------------------------+-------+-------++-------
Melee: Falchion          |   136 |   148 ||   284
       Short sword       |       |   107 ||   107
       Dagger            |       |     2 ||     2
Throw: Throwing net      |       |     2 ||     2
  Use: Potion            |       |     1 ||     1
 Stab: Distracted        |     2 |       ||     2
       Paralysed         |     4 |     1 ||     5
       Fleeing           |     1 |       ||     1
       Sleeping          |     1 |     1 ||     2
       Invisible         |       |     3 ||     3
  Eat: Bread ration      |     1 |     2 ||     3
       Chunk             |       |     3 ||     3
